NCAA
OKLAHOMA STATE COWBOYS @ BOSTON COLLEGE EAGLES
04/02/2024
 
TOP OF THE 1ST
Oklahoma State Cowboys batting - Pitching for Boston College Eagles : LHP Desi Wells
Pitching: LHP Desi Wells
Batting: RHB Mark McCullough 0-0: Foul Ball, location: 2F
0-1: Ball
1-1: Ball
2-1: SINGLE (Groundball, 56D)
Batting: RHB Earnest Maldonado 0-0: Ball
1-0: Foul Ball, location: 2F
1-1: Ball
2-1: Foul Ball, location: 2F
2-2: Grounds into double play, 5-4-3 (Groundball, 5L)
Batting: RHB Jack Hollon 0-0: Ball
1-0: Ball
2-0: Fly out, F8 (Flyball, 8RD)
Top of the 1st over - 0 run(s), 1 hit(s), 0 error(s), 0 left on base; Oklahoma State 0 - Boston College 0
BOTTOM OF THE 1ST
Boston College Eagles batting - Pitching for Oklahoma State Cowboys : RHP Pablo Ortíz
Pitching: RHP Pablo Ortíz
Batting: RHB Kane Cooper 0-0: Swinging Strike
0-1: Foul Ball, location: 2F
0-2: Ball
1-2: Foul Ball, location: 2F
1-2: Ground out 6-3 (Groundball, 4MS)
Batting: RHB Bobby Porter 0-0: Called Strike
0-1: Ball
1-1: SOLO HOME RUN (Flyball, 7D), Distance : 362 ft
Batting: LHB Dave Cook 0-0: Ground out 4-3 (Groundball, 4M)
Batting: RHB Vernon Sterling 0-0: Ball
1-0: Ball
2-0: Called Strike
2-1: Ball
3-1: Base on Balls
Batting: SHB Felipe Castro 0-0: Called Strike
0-1: Ball
1-1: Called Strike
1-2: Ball
2-2: Strikes out swinging
Bottom of the 1st over - 1 run(s), 1 hit(s), 0 error(s), 1 left on base; Oklahoma State 0 - Boston College 1
TOP OF THE 2ND
Oklahoma State Cowboys batting - Pitching for Boston College Eagles : LHP Desi Wells
Batting: RHB Mark Hart 0-0: Called Strike
0-1: Ball
1-1: Fly out, F8 (Flyball, 8LM)
Batting: SHB John Hill 0-0: Ball
1-0: Ball
2-0: Ball
3-0: Foul Ball, location: 2F
3-1: Base on Balls
Batting: RHB Jack Bradley 0-0: Ball
1-0: SINGLE (Groundball, 56D)
John Hill to second
Batting: RHB David Alonso 0-0: Ball
1-0: Foul Ball, location: 2F
1-1: Ball
2-1: Ball
3-1: Foul Ball, location: 2F
3-2: Foul Ball, location: 2F
3-2: Base on Balls
John Hill to third
Jack Bradley to second
Batting: RHB Adrián López 0-0: Ball
1-0: Ball
Passed Ball!
John Hill scores
Jack Bradley to third
David Alonso to second
2-0: Ground out 6-3 (Groundball, 6)
Jack Bradley scores
Batting: RHB Henry Jackson 0-0: Called Strike
0-1: Ball
1-1: Called Strike
1-2: Ball
2-2: Strikes out swinging
Top of the 2nd over - 2 run(s), 1 hit(s), 0 error(s), 1 left on base; Oklahoma State 2 - Boston College 1
BOTTOM OF THE 2ND
Boston College Eagles batting - Pitching for Oklahoma State Cowboys : RHP Pablo Ortíz
Batting: RHB José Gómez 0-0: Ground out 1-3 (Groundball, 23)
Batting: RHB Ambrose Brown 0-0: Fly out, F9 (Flyball, 89S)
Batting: RHB Pepe Chávez 0-0: SINGLE (Groundball, 4)
Batting: RHB Will Stafford 0-0: Ground out U3 (Groundball, 3L)
Bottom of the 2nd over - 0 run(s), 1 hit(s), 0 error(s), 1 left on base; Oklahoma State 2 - Boston College 1
TOP OF THE 3RD
Oklahoma State Cowboys batting - Pitching for Boston College Eagles : LHP Desi Wells
Batting: RHB Mark McCullough 0-0: Called Strike
0-1: Swinging Strike
0-2: Strikes out looking
Batting: RHB Earnest Maldonado 0-0: Foul Ball, location: 2F
0-1: Called Strike
0-2: SINGLE (Groundball, 25) (infield hit)
Batting: RHB Jack Hollon 0-0: Ball
1-0: Ball
2-0: SINGLE (Groundball, 56D)
Earnest Maldonado to second
Batting: RHB Mark Hart 0-0: Called Strike
0-1: Ball
1-1: Foul Ball, location: 2F
1-2: Strikes out swinging
Batting: SHB John Hill 0-0: Ball
1-0: Called Strike
1-1: Ball
2-1: Ball
3-1: Called Strike
3-2: Base on Balls
Earnest Maldonado to third
Jack Hollon to second
Batting: RHB Jack Bradley 0-0: SINGLE (Line Drive, 4MD)
Earnest Maldonado scores
Jack Hollon to third
John Hill to second
Runner from 3rd tries for Home, SAFE, no throw or cutoff
Batting: RHB David Alonso 0-0: Called Strike
0-1: Swinging Strike
0-2: Ball
1-2: Ball
2-2: Foul Ball, location: 2F
2-2: Ball
Wild Pitch!
John Hill to third
Jack Bradley to second
3-2: Strikes out looking
Top of the 3rd over - 2 run(s), 3 hit(s), 0 error(s), 2 left on base; Oklahoma State 4 - Boston College 1
BOTTOM OF THE 3RD
Boston College Eagles batting - Pitching for Oklahoma State Cowboys : RHP Pablo Ortíz
Batting: RHB Kane Cooper 0-0: Ball
1-0: Swinging Strike
1-1: Called Strike
1-2: Ground out 4-3 (Groundball, 4M)
Batting: RHB Bobby Porter 0-0: Called Strike
0-1: Ball
1-1: Ball
2-1: Foul Ball, location: 2F
2-2: Foul Ball, location: 2F
2-2: Foul Ball, location: 2F
2-2: Ball
3-2: Base on Balls
Batting: LHB Dave Cook 0-0: Swinging Strike
0-1: Foul Ball, location: 2F
0-2: Ball
1-2: Ball
2-2: Foul Ball, location: 2F
2-2: Foul Ball, location: 2F
2-2: Ball
3-2: Base on Balls
Bobby Porter to second
Batting: RHB Vernon Sterling 0-0: Ball
1-0: Called Strike
1-1: Ball
2-1: SINGLE (Groundball, 34D)
Bobby Porter to third
Dave Cook to second
Runner from 3rd tries for Home, SAFE, throw made home
Batting: SHB Felipe Castro 0-0: Ball
1-0: Fly out, F7 (Flyball, 78M)
Batting: RHB José Gómez 0-0: Ball
1-0: Swinging Strike
1-1: Called Strike
1-2: SINGLE (Line Drive, 7S)
Dave Cook to third
Vernon Sterling to second
Runner from 3rd tries for Home, SAFE, throw made home
Batting: RHB Ambrose Brown 0-0: Foul Ball, location: 2F
0-1: Fly out, F7 (Line Drive, 7M)
Bottom of the 3rd over - 2 run(s), 2 hit(s), 0 error(s), 2 left on base; Oklahoma State 4 - Boston College 3
TOP OF THE 4TH
Oklahoma State Cowboys batting - Pitching for Boston College Eagles : LHP Desi Wells
Batting: RHB Adrián López 0-0: SOLO HOME RUN (Flyball, 7D), Distance : 353 ft
Batting: RHB Henry Jackson 0-0: Ball
1-0: Called Strike
1-1: Swinging Strike
1-2: Ball
2-2: Ball
3-2: Strikes out looking
Batting: RHB Mark McCullough 0-0: Called Strike
0-1: Ball
1-1: Ball
2-1: Ground out 5-3 (Groundball, 56)
Batting: RHB Earnest Maldonado 0-0: Hit by Pitch
Batting: RHB Jack Hollon 0-0: Ball
Pickoff Throw to First - Out!
Top of the 4th over - 1 run(s), 1 hit(s), 0 error(s), 0 left on base; Oklahoma State 5 - Boston College 3
BOTTOM OF THE 4TH
Boston College Eagles batting - Pitching for Oklahoma State Cowboys : RHP Pablo Ortíz
Batting: RHB Pepe Chávez 0-0: Bunted foul
0-1: Ball
1-1: Foul Ball, location: 2F
1-2: Ball
2-2: Reached on Error, E4 (Popup, 34D)
Batting: RHB Will Stafford 0-0: Ball
1-0: SINGLE (Flyball, 8RS)
Pepe Chávez to second
Batting: RHB Kane Cooper 0-0: Called Strike
0-1: Called Strike
0-2: Ball
1-2: Fielders Choice at 2nd, 4-6 (Groundball, 34)
Pepe Chávez to third
Batting: RHB Bobby Porter 0-0: Fly out, F9 (Line Drive, 9M)
Runner from 3rd tags up, SCORES, no throw
Batting: LHB Dave Cook 0-0: Ball
1-0: Ball
2-0: Ball
3-0: Called Strike
3-1: Fielders Choice at 2nd, 6-4 (Groundball, 6)
Bottom of the 4th over - 1 run(s), 1 hit(s), 1 error(s), 0 left on base; Oklahoma State 5 - Boston College 4
TOP OF THE 5TH
Oklahoma State Cowboys batting - Pitching for Boston College Eagles : LHP Desi Wells
Batting: RHB Jack Hollon 0-0: Ball
1-0: Ball
2-0: Called Strike
2-1: Foul Ball, location: 2F
2-2: Ball
3-2: Fly out, F5 (Popup, 5SF)
Pitching: LHP Francisco Rodríguez
Batting: RHB Mark Hart 0-0: Swinging Strike
0-1: Swinging Strike
0-2: Ball
1-2: Ball
2-2: Strikes out looking
Batting: SHB John Hill 0-0: Called Strike
0-1: Ball
1-1: Ball
2-1: Foul Ball, location: 2F
2-2: Ground out 5-3 (Groundball, 56S)
Top of the 5th over - 0 run(s), 0 hit(s), 0 error(s), 0 left on base; Oklahoma State 5 - Boston College 4
BOTTOM OF THE 5TH
Boston College Eagles batting - Pitching for Oklahoma State Cowboys : RHP Pablo Ortíz
Batting: RHB Vernon Sterling 0-0: Called Strike
0-1: Ball
1-1: SINGLE (Line Drive, 78S)
Batting: SHB Felipe Castro 0-0: Ball
1-0: Foul Ball, location: 2F
1-1: Ball
2-1: Fielders Choice at 2nd, 6-4 (Groundball, 6)
Batting: RHB José Gómez 0-0: Called Strike
0-1: Called Strike
0-2: Ball
1-2: Foul Ball, location: 2F
1-2: Ball
2-2: Ball
3-2: Foul Ball, location: 2F
3-2: Foul Ball, location: 2F
3-2: Base on Balls
Felipe Castro to second
Pitching: RHP Carl Garrison
Batting: RHB Ambrose Brown 0-0: Fielders Choice at 2nd, 1-4 (Groundball, 15)
Felipe Castro to third
Batting: RHB Pepe Chávez 0-0: Ball
1-0: Called Strike
1-1: Ball
2-1: Ball
3-1: Foul Ball, location: 2F
3-2: Fly out, F2 (Popup, 2L)
Bottom of the 5th over - 0 run(s), 1 hit(s), 0 error(s), 2 left on base; Oklahoma State 5 - Boston College 4
TOP OF THE 6TH
Oklahoma State Cowboys batting - Pitching for Boston College Eagles : LHP Francisco Rodríguez
Batting: RHB Jack Bradley 0-0: Ball
1-0: Ground out 6-3 (Groundball, 6)
Batting: RHB David Alonso 0-0: Ball
1-0: Ball
2-0: Fly out, F4 (Popup, 3D)
Batting: RHB Adrián López 0-0: Ball
1-0: SINGLE (Groundball, 6D)
Batting: RHB Henry Jackson 0-0: Ball
1-0: Called Strike
1-1: Called Strike
1-2: Ball
2-2: Foul Ball, location: 2F
2-2: Ball
3-2: Strikes out swinging
Top of the 6th over - 0 run(s), 1 hit(s), 0 error(s), 1 left on base; Oklahoma State 5 - Boston College 4
BOTTOM OF THE 6TH
Boston College Eagles batting - Pitching for Oklahoma State Cowboys : RHP Carl Garrison
Batting: RHB Will Stafford 0-0: Swinging Strike
0-1: Ball
1-1: Foul Ball, location: 2F
1-2: Foul Ball, location: 2F
1-2: Foul Ball, location: 2F
1-2: Ball
2-2: Ball
3-2: Foul Ball, location: 2F
3-2: Foul Ball, location: 2F
3-2: Fly out, F6 (Popup, 6D)
Batting: RHB Kane Cooper 0-0: Foul Ball, location: 2F
0-1: Called Strike
0-2: Ball
1-2: Foul Ball, location: 2F
1-2: SINGLE (Line Drive, 34D)
Batting: RHB Bobby Porter 0-0: Fly out, F2 (Popup, 2R)
Batting: LHB Dave Cook 0-0: Ball
Kane Cooper is caught stealing 2nd base
Bottom of the 6th over - 0 run(s), 1 hit(s), 0 error(s), 0 left on base; Oklahoma State 5 - Boston College 4
TOP OF THE 7TH
Oklahoma State Cowboys batting - Pitching for Boston College Eagles : LHP Francisco Rodríguez
Batting: RHB Mark McCullough 0-0: TRIPLE (Flyball, 89M)
Batting: RHB Earnest Maldonado 0-0: Ground out 6-3 (Groundball, 6)
Batting: RHB Jack Hollon 0-0: Intentional Walk
Pitching: LHP Lou Gill
Batting: RHB Mark Hart 0-0: Called Strike
0-1: Fly out, F7 (Line Drive, 7M)
Runner from 3rd tags up, SCORES, throw made
Batting: SHB John Hill 0-0: Called Strike
0-1: Ball
1-1: Ball
2-1: Foul Ball, location: 2F
2-2: Strikes out swinging
Top of the 7th over - 1 run(s), 1 hit(s), 0 error(s), 1 left on base; Oklahoma State 6 - Boston College 4
BOTTOM OF THE 7TH
Boston College Eagles batting - Pitching for Oklahoma State Cowboys : RHP Carl Garrison
Batting: LHB Dave Cook 0-0: Ball
1-0: SINGLE (Flyball, 8LS) - OUT at second base trying to stretch hit.
Pitching: RHP Ron Owen
Batting: RHB Vernon Sterling 0-0: Swinging Strike
0-1: Ball
1-1: Called Strike
1-2: Fly out, F8 (Flyball, 8RXD)
Batting: SHB Felipe Castro 0-0: Foul Ball, location: 2F
0-1: Called Strike
0-2: Hit by Pitch
Batting: RHB José Gómez 0-0: Foul Ball, location: 2F
0-1: Fielders Choice at 2nd, 6-4 (Groundball, 6)
Bottom of the 7th over - 0 run(s), 1 hit(s), 0 error(s), 0 left on base; Oklahoma State 6 - Boston College 4
TOP OF THE 8TH
Oklahoma State Cowboys batting - Pitching for Boston College Eagles : LHP Lou Gill
Batting: RHB Jack Bradley 0-0: Ball
1-0: Foul Ball, location: 2F
1-1: Foul Ball, location: 2F
1-2: Strikes out looking
Batting: RHB David Alonso 0-0: Ball
1-0: Called Strike
1-1: Called Strike
1-2: Foul Ball, location: 2F
1-2: Strikes out swinging
Batting: RHB Adrián López 0-0: Ball
1-0: Foul Ball, location: 2F
1-1: DOUBLE (Groundball, 5L)
Batting: RHB Henry Jackson 0-0: SINGLE (Flyball, 8LS)
Adrián López to third
Runner from 3rd tries for Home, SAFE, throw made home
Henry Jackson to second
Batting: RHB Mark McCullough 0-0: Ball
1-0: Ground out 5-3 (Groundball, 5S)
Top of the 8th over - 1 run(s), 2 hit(s), 0 error(s), 1 left on base; Oklahoma State 7 - Boston College 4
BOTTOM OF THE 8TH
Boston College Eagles batting - Pitching for Oklahoma State Cowboys : RHP Ron Owen
Now at 3B: Ernest Scott
Batting: RHB Ambrose Brown 0-0: Ball
1-0: SOLO HOME RUN (Flyball, 9D), Distance : 344 ft
Batting: RHB Pepe Chávez 0-0: Called Strike
0-1: Ball
1-1: Ball
2-1: Ball
3-1: Foul Ball, location: 2F
3-2: Foul Ball, location: 2F
3-2: Foul Ball, location: 2F
3-2: Base on Balls
Batting: RHB Will Stafford 0-0: Called Strike
0-1: Ball
1-1: Ground out 5-3 (Groundball, 5S)
Pepe Chávez to second
Batting: RHB Kane Cooper 0-0: Called Strike
0-1: Ball
1-1: Foul Ball, location: 2F
1-2: Foul Ball, location: 2F
1-2: Ground out 5-3 (Groundball, 5S)
Pepe Chávez to third
Batting: RHB Bobby Porter 0-0: Called Strike
0-1: Ball
1-1: Swinging Strike
1-2: Foul Ball, location: 2F
1-2: Ball
2-2: Ball
3-2: Foul Ball, location: 2F
3-2: Base on Balls
Pitching: LHP Aaron Green
Batting: LHB Dave Cook 0-0: Ball
1-0: Foul Ball, location: 2F
1-1: Foul Ball, location: 2F
1-2: Ground out 6-3 (Groundball, 6)
Bottom of the 8th over - 1 run(s), 1 hit(s), 0 error(s), 2 left on base; Oklahoma State 7 - Boston College 5
TOP OF THE 9TH
Oklahoma State Cowboys batting - Pitching for Boston College Eagles : LHP Lou Gill
Batting: RHB Earnest Maldonado 0-0: Called Strike
0-1: Foul Ball, location: 2F
0-2: Ball
1-2: Strikes out swinging
Batting: RHB Jack Hollon 0-0: SINGLE (Line Drive, 56)
Batting: RHB Mark Hart 0-0: Ball
1-0: Ball
2-0: Ball
3-0: Base on Balls
Jack Hollon to second
Batting: SHB John Hill 0-0: Swinging Strike
0-1: Fly out, F4 (Popup, 4MD)
Batting: RHB Jack Bradley 0-0: Ball
1-0: Foul Ball, location: 2F
1-1: SINGLE (Groundball, 34D)
Jack Hollon to third
Mark Hart to second
Runner from 3rd tries for Home, SAFE, no throw or cutoff
Batting: RHB David Alonso 0-0: Swinging Strike
0-1: Foul Ball, location: 2F
0-2: SINGLE (Flyball, 7S)
Mark Hart to third
Jack Bradley to second
Runner from 3rd tries for Home, SAFE, throw made at trailing runner, OUT at third!
Top of the 9th over - 2 run(s), 3 hit(s), 0 error(s), 1 left on base; Oklahoma State 9 - Boston College 5
BOTTOM OF THE 9TH
Boston College Eagles batting - Pitching for Oklahoma State Cowboys : LHP Aaron Green
Batting: RHB Vernon Sterling 0-0: Ball
1-0: SINGLE (Groundball, 4M)
Batting: SHB Felipe Castro 0-0: Fly out, F8 (Flyball, 89M)
Batting: RHB José Gómez 0-0: Ball
1-0: Ball
2-0: Swinging Strike
2-1: Foul Ball, location: 2F
2-2: Ball
3-2: Base on Balls
Vernon Sterling to second
Pitching: LHP Zach Blake
Batting: RHB Ambrose Brown 0-0: Ball
1-0: Grounds into double play, 6-4-3 (Groundball, 6)
Bottom of the 9th over - 0 run(s), 1 hit(s), 0 error(s), 1 left on base; Oklahoma State 9 - Boston College 5
This league is powered by Out of the Park Baseball, the baseball management simulation game for PC, Mac and Linux
Saturday, April 9th, 2016 - OOTP Baseball 16.8 Build 38